[Event "Norwegian Team Championship 2019"]
[Site "Drammen"]
[Date "2019.06.02"]
[Round "5.13"]
[White "Gamback, Bjorn"]
[Black "Hansen, Pal Andreas"]
[Result "1/2-1/2"]
[ECO "A15"]
[WhiteElo "2157"]
[BlackElo "2118"]
[Annotator "ChessBase"]
[PlyCount "41"]
[EventDate "2019.05.30"]
[EventType "swiss"]
[EventCountry "NOR"]
[SourceTitle "playchess.com"]
[Source "ChessBase"]
[SourceQuality "1"]
[TimeControl "40/5400:1800"]

1. Nf3 Nf6 2. c4 g6 3. b4 Bg7 4. Bb2 O-O 5. e3 d6 6. Be2 e5 7. d3 Re8 8. Nbd2 h6 9. Qc2 a5 10. a3 Bf5 11. O-O e4 12. dxe4 Nxe4 13. Nxe4 Bxe4 14. Qd2 Bxb2 15. Qxb2 Nc6 16. Rfd1 Ne5 17. Nxe5 Rxe5 18. f3 Bc6 19. Qxe5 dxe5 20. Rxd8+ Rxd8 21. Rd1 1/2-1/2

[Event "Norwegian Team Championship 2019"]
[Site "Drammen"]
[Date "2019.06.02"]
[Round "5.14"]
[White "Hagen, Brede Andre Larsen"]
[Black "Laverton, Christian"]
[Result "1/2-1/2"]
[ECO "B49"]
[WhiteElo "2041"]
[BlackElo "2115"]
[Annotator "ChessBase"]
[PlyCount "80"]
[EventDate "2019.05.30"]
[EventType "swiss"]
[EventCountry "NOR"]
[SourceTitle "playchess.com"]
[Source "ChessBase"]
[SourceQuality "1"]
[TimeControl "40/5400:1800"]

1. e4 c5 2. Nf3 e6 3. d4 cxd4 4. Nxd4 Nc6 5. Nc3 Qc7 6. Be3 a6 7. Be2 Nf6 8. O-O Bb4 9. Na4 Be7 10. Nxc6 bxc6 11. Nb6 Rb8 12. Nxc8 Qxc8 13. Bd4 c5 14. Be5 Rb6 15. b3 d6 16. Bb2 O-O 17. Qd3 Rd8 18. Qe3 d5 19. e5 d4 20. Qg3 Nd5 21. Bc4 Nb4 22. c3 dxc3 23. Bxc3 Rb8 24. f4 Nd5 25. Ba5 Rd7 26. Rad1 Qc6 27. Qf3 Bd8 28. Bc3 Bc7 29. f5 Rbd8 30. f6 g6 31. Bxd5 Rxd5 32. Rxd5 Rxd5 33. Qf4 Qe8 34. Qc4 Bxe5 35. Bxe5 Rxe5 36. Qxa6 Rd5 37. a4 Qd8 38. h3 e5 39. a5 Rd6 40. Qb5 Rxf6 1/2-1/2

[Event "Norwegian Team Championship 2019"]
[Site "Drammen"]
[Date "2019.06.02"]
[Round "5.15"]
[White "Bruaset, Eivind"]
[Black "Lund, Terje"]
[Result "0-1"]
[ECO "B14"]
[WhiteElo "2076"]
[BlackElo "2055"]
[Annotator "NA"]
[PlyCount "130"]
[EventDate "2019.05.30"]
[EventType "swiss"]
[EventCountry "NOR"]
[SourceTitle "playchess.com"]
[Source "ChessBase"]
[SourceQuality "1"]
[TimeControl "40/5400:1800"]

1. e4 c6 2. d4 d5 3. exd5 cxd5 4. c4 Nf6 5. Nc3 e6 6. c5 Be7 7. Nf3 O-O 8. Qc2 {[%emt 0:00:05] B14: Caro-Kann: Panov-Botvinnik Attack with 5...e6 and 5...g6} (8. Bf4 Nc6 9. Bb5 Bd7 10. O-O Ne4 11. Rc1 a6 12. Bxc6 Bxc6 13. Ne5 Be8 14. Re1 Nxc3 15. Rxc3 f6 16. Nd3 Bf7 17. h3 Qd7 18. Rb3 Rfe8 19. Bg3 {1-0 (52) Zhigalko,A (2545)-Mchedlishvili,M (2610) St Petersburg 2018}) 8... Nc6 9. Bb5 Qc7 10. O-O Bd7 11. Bxc6 bxc6 12. Bd2 $146 ({Predecessor:} 12. Ne5 Rae8 13. Bf4 Nh5 14. Be3 g6 15. Bh6 Ng7 16. Bf4 Nh5 17. Bh6 Ng7 18. Bf4 Nh5 19. Bh6 Ng7 20. Bf4 {½-½ (20) Konstantinov,A (1855)-Nikolovski,N (1874) Skopje 2011}) 12... Rfb8 13. Rfb1 Be8 14. Qc1 Rb7 15. b4 Ne4 16. Nxe4 dxe4 17. Ne5 Rd8 18. Qc3 f6 19. Nc4 Rd5 20. Re1 Bg6 21. Be3 Qd7 22. Red1 e5 23. Rd2 exd4 24. Bxd4 Qe6 25. a4 Rbd7 (25... f5 $15) 26. Ne3 Rh5 27. Rad1 Bf7 28. b5 f5 29. Be5 Rxd2 30. Rxd2 f4 31. Bxf4 Rxc5 32. Rd8+ Bxd8 33. Qxc5 cxb5 34. axb5 Bb6 35. Qc6 h6 36. Qc3 Qb3 37. Qc8+ Kh7 38. Qf8 Bxe3 39. fxe3 g5 40. Qe7 Qd1+ $2 (40... gxf4 $19 41. Qxe4+ Kg8 42. Qxf4 Qxb5 43. Qxh6 Qe5) 41. Kf2 Qd2+ 42. Kf1 Qc1+ 43. Kf2 Qc2+ 44. Kg3 gxf4+ 45. Kxf4 Qf2+ 46. Ke5 Qb2+ 47. Kf4 Kg8 48. Qxa7 Qxb5 49. Qa8+ Kg7 50. Qa1+ Kg6 51. h4 Qf5+ 52. Kg3 $19 Be6 53. Kh2 Qf2 54. Qe5 Qxh4+ 55. Kg1 Qg4 56. Qb8 Qg5 57. Qe8+ Kf5 58. Qb5+ Kg4 59. Qe2+ Kh4 60. Kh1 Qg3 61. Qb2 Qxe3 62. Qf6+ Kg3 63. Qg6+ Bg4 64. Qd6+ Qf4 65. Qa6 Qe3 0-1

[Event "Norwegian Team Championship 2019"]
[Site "Drammen"]
[Date "2019.06.02"]
[Round "5.16"]
[White "Stokhaug, Jon Arne"]
[Black "Juriloo, Karl"]
[Result "0-1"]
[ECO "D37"]
[WhiteElo "1833"]
[BlackElo "1978"]
[Annotator "NA"]
[PlyCount "136"]
[EventDate "2019.05.30"]
[EventType "swiss"]
[EventCountry "NOR"]
[SourceTitle "playchess.com"]
[Source "ChessBase"]
[SourceQuality "1"]
[TimeControl "40/5400:1800"]

1. Nf3 d5 2. d4 Nf6 3. c4 e6 4. e3 Be7 5. Nc3 a6 (5... O-O 6. b3 c5 7. Bb2 cxd4 8. Nxd4 a6 9. a3 dxc4 10. Bxc4 b5 11. Be2 Bb7 12. Bf3 Qb6 13. Bxb7 Qxb7 14. Qf3 Qxf3 15. gxf3 Rc8 16. Ke2 {½-½ (16) Andreikin,D (2719)-Matlakov,M (2700) St Petersburg 2018}) 6. b3 {[%emt 0:05:51] D37: Queen's Gambit Declined: 5 Bf4} O-O 7. Bd3 c5 8. dxc5 dxc4 $146 ({Predecessor:} 8... Bxc5 9. O-O dxc4 10. Bxc4 b5 11. Be2 Qe7 12. Bb2 Bb7 13. Rc1 Nc6 14. Qc2 Ba3 {0-1 (38) Gazioglu,H (1890)-Yilmaz,G (2165) Antalya 2017}) 9. bxc4 Nbd7 10. Qc2 Nxc5 11. Be2 $1 Qc7 12. O-O Bd7 13. Bb2 Rfc8 14. Rac1 Rab8 15. Nd4 Bf8 16. h3 e5 17. Nf3 Bc6 18. Nd5 Nxd5 19. cxd5 Ba4 20. Qf5 f6 21. Bd3 g6 22. Qg4 Qd7 23. Qxd7 Bxd7 24. Bc4 b5 25. Bb3 Bd6 26. Rfd1 a5 27. Bc2 Kf7 28. Ne1 Ke7 29. Nd3 Nxd3 30. Bxd3 Bb4 ({Better is} 30... a4 31. Rxc8 Rxc8) 31. Kf1 Kd6 32. f4 Bc5 33. Ke2 exf4 34. exf4 Rf8 35. Kf3 Rbe8 36. Be4 Rxe4 37. Kxe4 Re8+ 38. Kd3 Bf5+ 39. Kd2 Be3+ 40. Kc3 Rc8+ 41. Kb3 Bxc1 42. Rxc1 Rxc1 43. Bxc1 Be4 44. g3 Bxd5+ 45. Kb2 Bg2 46. h4 $17 Kd5 47. Bd2 a4 48. a3 Ke4 49. Ba5 Kf3 50. Be1 f5 51. Kc2 Ke2 52. Bb4 Kf2 53. Kd3 Kxg3 54. Ke3 Kxh4 55. Be1+ Kg4 56. Bd2 Bd5 57. Kf2 h6 58. Kg1 Kf3 59. Kf1 Bc4+ 60. Kg1 Kg4 61. Kf2 g5 62. fxg5 hxg5 63. Kg2 f4 64. Kf2 Kf5 65. Bc3 Ke4 66. Ba5 g4 67. Bc7 b4 68. axb4 a3 0-1

[Event "Norwegian Team Championship 2019"]
[Site "Drammen"]
[Date "2019.06.02"]
[Round "5.17"]
[White "Moen, Ole Christian"]
[Black "Abdrlauf, Elham"]
[Result "0-1"]
[ECO "C02"]
[WhiteElo "2237"]
[BlackElo "2231"]
[Annotator "ChessBase"]
[PlyCount "64"]
[EventDate "2019.05.30"]
[EventType "swiss"]
[EventCountry "NOR"]
[SourceTitle "playchess.com"]
[Source "ChessBase"]
[SourceQuality "1"]
[TimeControl "40/5400:1800"]

1. e4 e6 2. d4 d5 3. e5 c5 4. c3 Nc6 5. Nf3 Qb6 6. Na3 cxd4 7. cxd4 Nge7 8. Nc2 Bd7 9. Bd3 Rc8 10. O-O Na5 11. b3 Bb5 12. Ba3 Bxd3 13. Qxd3 Nf5 14. Bxf8 Kxf8 15. Ne3 g6 16. Ng4 Kg7 17. Nf6 Nc6 18. Rad1 h5 19. Rd2 Nb4 20. Qb1 Rc3 21. Rc1 Rhc8 22. Rxc3 Rxc3 23. h3 Qc6 24. Kh2 b6 25. Qd1 h4 26. Ne1 Rc1 27. Qe2 Qc3 28. a3 Qa1 29. g4 Rxe1 30. Qf3 Nxd4 31. Nh5+ Kf8 32. Rxd4 Qxd4 0-1

[Event "Norwegian Team Championship 2019"]
[Site "Drammen"]
[Date "2019.06.02"]
[Round "5.18"]
[White "Melaa, Sondre"]
[Black "Johnsen, Sylvia"]
[Result "1-0"]
[ECO "E18"]
[WhiteElo "2038"]
[BlackElo "1888"]
[Annotator "NA"]
[PlyCount "111"]
[EventDate "2019.05.30"]
[EventType "swiss"]
[EventCountry "NOR"]
[SourceTitle "playchess.com"]
[Source "ChessBase"]
[SourceQuality "1"]
[TimeControl "40/5400:1800"]

1. d4 d5 2. c4 e6 3. Nf3 Nf6 4. g3 b6 5. Bg2 Bb7 6. O-O Be7 7. cxd5 exd5 8. Nc3 O-O 9. Bf4 Ne4 10. Rc1 c5 {[%emt 0:02:34] E18: Queen's Indian: Old Main Line (4 g3 Bb7 5 Bg2 Be7 6 0-0 0-0 7 Nc3)} 11. dxc5 Bxc5 ({Black should try} 11... Nxc3 $1 $14 12. Rxc3 Bxc5) 12. Nb5 $146 ({White should play Predecessor:} 12. Nxe4 $16 dxe4 13. Ng5 Qe7 14. b4 Rd8 15. Qa4 Bd6 16. Bxd6 Qxg5 17. Rc7 b5 18. Qc2 Rxd6 19. Rxb7 {1-0 (27) Romanov,E (2573)-Royset,P (2234) Norway 2015}) 12... Na6 13. a3 Kh8 ({Black should try} 13... Qd7 $14 14. Nfd4 Bxd4 15. Nxd4 Rac8) 14. b4 Be7 15. Qd3 g5 16. Be5+ Bf6 17. Bxf6+ Qxf6 18. Nc7 Nxc7 19. Rxc7 Rab8 20. Qd4 Qxd4 21. Nxd4 a5 22. Rfc1 axb4 23. axb4 Bc8 24. Re7 Nf6 25. Rcc7 Kg8 26. h3 Ra8 27. Rc6 Kg7 28. Rxb6 Rd8 29. Nf3 g4 30. Ne5 Rf8 31. hxg4 Ra1+ 32. Kh2 Bxg4 33. Rbb7 Bh5 34. Bf3 Bg6 35. b5 Rb1 36. b6 Rb5 37. Kg2 h6 38. g4 Rb4 39. Kg3 Ng8 40. Red7 Nf6 41. Rd6 Rb5 42. Rc7 Be4 43. Rxf6 Kxf6 44. Nd7+ Kg7 45. Nxf8 Kxf8 46. Bxe4 dxe4 47. b7 Kg7 48. Kf4 Rb4 49. Kf5 Rb5+ 50. Kxe4 Kf6 $18 51. Kd4 Rb1 52. f4 Rb2 53. Kd5 Rd2+ 54. Kc6 Rc2+ 55. Kd7 Rd2+ 56. Kc8 1-0

[Event "Norwegian Team Championship 2019"]
[Site "Drammen"]
[Date "2019.06.02"]
[Round "5.19"]
[White "Edakina, Anastasia"]
[Black "Tunsjo, Axel"]
[Result "0-1"]
[ECO "B26"]
[WhiteElo "1697"]
[BlackElo "2002"]
[Annotator "NA"]
[PlyCount "100"]
[EventDate "2019.05.30"]
[EventType "swiss"]
[EventCountry "NOR"]
[SourceTitle "playchess.com"]
[Source "ChessBase"]
[SourceQuality "1"]
[TimeControl "40/5400:1800"]

1. e4 c5 2. g3 Nc6 3. Bg2 g6 4. d3 Bg7 5. Nc3 e6 6. Be3 d6 7. Nge2 Nge7 8. Qd2 Nd4 9. Nd1 O-O 10. c3 {[%emt 0:01:41] B26: Closed Sicilian: 3 g3, lines with early Be3} Nxe2 11. Qxe2 Nc6 12. O-O b6 13. f4 Ba6 14. Nf2 $146 ({Predecessor:} 14. f5 Ne5 15. c4 b5 16. fxe6 fxe6 17. Rxf8+ Qxf8 18. Rc1 bxc4 19. dxc4 {1-0 (35) Khademi,M (2280)-Valizadeh,A (2202) Hamadan 2012}) 14... Rc8 15. Qf3 Qe7 16. Rfd1 Rfd8 17. Rac1 Rc7 18. h4 Re8 19. h5 b5 20. g4 e5 21. f5 g5 22. h6 Bxh6 23. f6 Qe6 24. Bh3 Kh8 25. Rf1 b4 26. c4 Bc8 27. Nh1 Rg8 28. Ng3 Rg6 29. Nh5 Nd8 30. Rf2 Qd7 31. Kh2 Ne6 32. Rg1 Nf4 33. Bc1 Qe6 34. Rg3 Rc6 35. b3 a5 36. Qd1 Ra6 37. a3 Bf8 38. a4 Rh6 39. Bxf4 exf4 40. Rgf3 {[%emt 0:00:07] [#]} Rxh5 $1 41. gxh5 g4 {[%emt 0:00:13] Double Attack} 42. Rxf4 g3+ 43. Kg1 gxf2+ 44. Rxf2 Qxh3 45. Qd2 Qxh5 46. Rh2 Bh6 47. Qe1 Qg5+ 48. Rg2 Qe3+ 49. Qxe3 Bxe3+ 50. Kf1 {[%emt 0:00:06] [#]} Bh3 0-1

[Event "Norwegian Team Championship 2019"]
[Site "Drammen"]
[Date "2019.06.02"]
[Round "5.20"]
[White "Sidali, Elias Hulleberg"]
[Black "Mrachek, Svetlana"]
[Result "1-0"]
[ECO "C11"]
[WhiteElo "1953"]
[BlackElo "1538"]
[Annotator "NA"]
[PlyCount "79"]
[EventDate "2019.05.30"]
[EventType "swiss"]
[EventCountry "NOR"]
[SourceTitle "playchess.com"]
[Source "ChessBase"]
[SourceQuality "1"]
[TimeControl "40/5400:1800"]

1. e4 e6 2. d4 d5 3. Nd2 Nf6 4. e5 Nfd7 5. Ne2 c5 6. c3 Nc6 7. Nf3 Be7 8. g3 O-O {[%emt 0:03:52] C11: French: Classical System: 4 e5 and 4 Bg5 dxe4} 9. Bh3 b5 10. O-O Qb6 $146 ({Predecessor:} 10... b4 11. Nf4 Nb6 12. Kg2 bxc3 13. bxc3 Nc4 14. Qa4 Qb6 15. dxc5 Qa6 16. Qxa6 Bxa6 {½-½ (114) Ponomariov,R (2764)-Ni,H (2662) Khanty-Mansiysk 2011}) 11. Be3 c4 12. b3 cxb3 13. axb3 a5 14. Nf4 Ba6 $2 (14... Qb7 $16 {is a better defense.}) 15. Nxd5 exd5 16. Bxd7 b4 17. c4 Qc7 {[%emt 0:03:09] [#]} 18. cxd5 $2 ({White must play} 18. e6 $1 $18) 18... Nxd4 19. Qxd4 Bxf1 20. d6 ({Not} 20. Rxf1 Qxd7 21. d6 Bd8 $14) (20. Bf5 $142 Be2 21. d6 {[%mdl 64] Double Attack}) 20... Bxd6 $2 (20... Qxd7 21. dxe7 (21. Kxf1 Bd8 $14) 21... Qxe7) 21. Qxd6 Qxd6 22. exd6 Be2 23. Nd4 Rad8 24. Nxe2 Rxd7 25. Bc5 Ra8 26. Bxb4 Re8 27. Rxa5 f6 28. Nd4 Kf7 29. Bc5 Re5 30. b4 Rd5 31. Nc6 Ke6 32. Ra7 R5xd6 33. Bxd6 Rxd6 34. b5 Kd5 35. Rxg7 Ke4 36. Rg4+ Kd5 37. Rd4+ Ke6 38. Rxd6+ Kxd6 39. Nd4 Kc7 40. Kg2 1-0

[Event "Norwegian Team Championship 2019"]
[Site "Drammen"]
[Date "2019.06.02"]
[Round "6.2"]
[White "Hauge, Lars Oskar"]
[Black "Risting, Eivind Olav"]
[Result "1-0"]
[ECO "A03"]
[WhiteElo "2470"]
[BlackElo "2357"]
[Annotator "ChessBase"]
[PlyCount "67"]
[EventDate "2019.05.30"]
[EventType "swiss"]
[EventCountry "NOR"]
[SourceTitle "playchess.com"]
[Source "ChessBase"]
[SourceQuality "1"]
[TimeControl "40/5400:1800"]

1. f4 d5 2. Nf3 Nf6 3. g3 c6 4. Bg2 Qb6 5. e3 g6 6. O-O Bg7 7. Nc3 O-O 8. d3 a5 9. Kh1 a4 10. a3 c5 11. e4 d4 12. Ne2 Nc6 13. h3 Qd8 14. g4 b5 15. f5 Nd7 16. Qe1 Ra6 17. Qg3 c4 18. Bf4 Bb7 19. h4 cxd3 20. cxd3 Nc5 21. Rad1 e5 22. Bc1 Nb3 23. g5 Nxc1 24. Rxc1 gxf5 25. exf5 f6 26. Nd2 Na5 27. Bxb7 Nxb7 28. Ne4 Kh8 29. Qg4 Qe8 30. N2g3 Nd6 31. Rc7 Nxe4 32. Nxe4 Rc6 33. Rxg7 Kxg7 34. gxf6+ 1-0

[Event "Norwegian Team Championship 2019"]
[Site "Drammen"]
[Date "2019.06.02"]
[Round "6.3"]
[White "Gandrud, Vegar Koi"]
[Black "Getz, Nicolai"]
[Result "1/2-1/2"]
[ECO "E92"]
[WhiteElo "2325"]
[BlackElo "2380"]
[Annotator "ChessBase"]
[PlyCount "110"]
[EventDate "2019.05.30"]
[EventType "swiss"]
[EventCountry "NOR"]
[SourceTitle "playchess.com"]
[Source "ChessBase"]
[SourceQuality "1"]
[TimeControl "40/5400:1800"]

1. d4 Nf6 2. c4 g6 3. Nc3 Bg7 4. e4 d6 5. Nf3 O-O 6. Be2 e5 7. d5 a5 8. Be3 Ng4 9. Bg5 f6 10. Bh4 Qe8 11. Nd2 f5 12. Bxg4 fxg4 13. Bg5 Na6 14. O-O Bd7 15. b3 Bf6 16. Be3 Qe7 17. a3 Bg5 18. Qe2 Rfb8 19. Rfb1 Bxe3 20. Qxe3 b5 21. b4 axb4 22. axb4 bxc4 23. b5 Nc5 24. Rxa8 Rxa8 25. Nxc4 Be8 26. g3 Rb8 27. Na5 Qf6 28. Kg2 g5 29. Nc4 Bg6 30. b6 cxb6 31. Rxb6 Rxb6 32. Nxb6 Kg7 33. Nc4 h6 34. f3 gxf3+ 35. Qxf3 Qe7 36. g4 Nb3 37. Nb5 Nd4 38. Nxd4 exd4 39. Nd2 Qc7 40. Kf2 Qc3 41. Ke2 Be8 42. Qxc3 dxc3 43. Nb3 Kf6 44. Nd4 Ke5 45. Ke3 Ba4 46. Nc6+ Kf6 47. Kd3 Bd1 48. Kxc3 Bxg4 49. Kd4 Bc8 50. e5+ dxe5+ 51. Nxe5 h5 52. d6 Ke6 53. d7 Bxd7 54. Nxd7 Kxd7 55. Ke5 Ke7 1/2-1/2

[Event "Norwegian Team Championship 2019"]
[Site "Drammen"]
[Date "2019.06.02"]
[Round "6.4"]
[White "Galinsky, Timofey"]
[Black "Storme, Isak"]
[Result "0-1"]
[ECO "A08"]
[WhiteElo "2382"]
[BlackElo "2309"]
[Annotator "ChessBase"]
[PlyCount "82"]
[EventDate "2019.05.30"]
[EventType "swiss"]
[EventCountry "NOR"]
[SourceTitle "playchess.com"]
[Source "ChessBase"]
[SourceQuality "1"]
[TimeControl "40/5400:1800"]

1. Nf3 d5 2. d3 Nf6 3. Nbd2 c5 4. g3 Nc6 5. Bg2 g6 6. O-O Bg7 7. c4 d4 8. Nb3 Nd7 9. e3 O-O 10. Re1 e5 11. exd4 cxd4 12. Bd2 a5 13. a4 Rb8 14. Ng5 h6 15. Ne4 Qc7 16. f4 b6 17. Rc1 f5 18. Nf2 Nc5 19. fxe5 Nxe5 20. Bf4 g5 21. Bxe5 Bxe5 22. Nxc5 bxc5 23. Qh5 Kg7 24. Rc2 f4 25. Rce2 fxg3 26. hxg3 Rxf2 27. Rxf2 Bxg3 28. Rf6 Kxf6 29. Qxh6+ Kf5 30. Qf8+ Kg6 31. Be4+ Kh5 32. Qe8+ Kh4 33. Qh8+ Kg4 34. Rf1 Bh4 35. Bf3+ Kg3 36. Qh5 Qf4 37. Bg2 Bg4 38. Qg6 Rxb2 39. Rxf4 Rxg2+ 40. Kf1 Be2+ 41. Ke1 Kxf4+ 0-1

[Event "Norwegian Team Championship 2019"]
[Site "Drammen"]
[Date "2019.06.02"]
[Round "6.5"]
[White "Haldorsen, Benjamin"]
[Black "Abdrlauf, Elham"]
[Result "1/2-1/2"]
[ECO "C10"]
[WhiteElo "2437"]
[BlackElo "2231"]
[Annotator "ChessBase"]
[PlyCount "66"]
[EventDate "2019.05.30"]
[EventType "swiss"]
[EventCountry "NOR"]
[SourceTitle "playchess.com"]
[Source "ChessBase"]
[SourceQuality "1"]
[TimeControl "40/5400:1800"]

1. e4 e6 2. d4 d5 3. Nc3 Nf6 4. Bg5 dxe4 5. Nxe4 Nbd7 6. Nf3 Be7 7. Nxf6+ Nxf6 8. Bd3 O-O 9. Qe2 c5 10. O-O-O cxd4 11. Kb1 Nd5 12. Bxe7 Qxe7 13. Nxd4 Re8 14. Nf3 Nf4 15. Qe4 Nxd3 16. Rxd3 f6 17. Nh4 e5 18. Nf5 Bxf5 19. Qxf5 Rad8 20. Rhd1 Rxd3 21. Qxd3 g6 22. b3 b6 23. a4 f5 24. Qb5 Qe6 25. Rd7 Re7 26. Rd8+ Kg7 27. Qd3 e4 28. Qd4+ Kh6 29. Qe3+ Kg7 30. Qd4+ Kh6 31. Qe3+ Kg7 32. Qc3+ Kh6 33. Qe3+ Kg7 1/2-1/2

[Event "Norwegian Team Championship 2019"]
[Site "Drammen"]
[Date "2019.06.02"]
[Round "6.6"]
[White "Melaa, Sondre"]
[Black "Stokke, Kjetil"]
[Result "1/2-1/2"]
[ECO "B06"]
[WhiteElo "2038"]
[BlackElo "2343"]
[Annotator "ChessBase"]
[PlyCount "44"]
[EventDate "2019.05.30"]
[EventType "swiss"]
[EventCountry "NOR"]
[SourceTitle "playchess.com"]
[Source "ChessBase"]
[SourceQuality "1"]
[TimeControl "40/5400:1800"]

1. d4 g6 2. e4 Bg7 3. Nf3 d6 4. Bc4 Nf6 5. Qe2 O-O 6. O-O Nfd7 7. Rd1 Nc6 8. Be3 Nb6 9. Bb3 Na5 10. Nbd2 Qe8 11. c3 Nxb3 12. axb3 a6 13. Nf1 e6 14. Qd2 Qb5 15. Qc2 f5 16. c4 Qe8 17. exf5 gxf5 18. Qd2 Qg6 19. Re1 Nd7 20. Bf4 Nf6 21. Ng3 b6 22. Ng5 Re8 1/2-1/2

[Event "Norwegian Team Championship 2019"]
[Site "Drammen"]
[Date "2019.06.02"]
[Round "6.7"]
[White "Gullaksen, Eirik"]
[Black "Tunsjo, Axel"]
[Result "1/2-1/2"]
[ECO "B50"]
[WhiteElo "2327"]
[BlackElo "2002"]
[Annotator "ChessBase"]
[PlyCount "52"]
[EventDate "2019.05.30"]
[EventType "swiss"]
[EventCountry "NOR"]
[SourceTitle "playchess.com"]
[Source "ChessBase"]
[SourceQuality "1"]
[TimeControl "40/5400:1800"]

1. e4 c5 2. Nf3 e6 3. b3 d6 4. Bb2 Nf6 5. e5 dxe5 6. Nxe5 Bd6 7. f4 O-O 8. Bd3 b6 9. Qf3 Qc7 10. Na3 Bb7 11. Qg3 Be7 12. O-O Ne4 13. Bxe4 Bxe4 14. Nd7 Bg6 15. Nxf8 Bxf8 16. d3 Nc6 17. Nc4 Rd8 18. Ne5 Nd4 19. Qf2 Rd5 20. Rad1 Bd6 21. Nxg6 hxg6 22. c3 Bxf4 23. g3 Rg5 24. cxd4 Bxg3 25. hxg3 Rxg3+ 26. Kh1 Rh3+ 1/2-1/2

[Event "Norwegian Team Championship 2019"]
[Site "Drammen"]
[Date "2019.06.02"]
[Round "6.8"]
[White "Sidali, Elias Hulleberg"]
[Black "Gabrielsen, Stig"]
[Result "0-1"]
[ECO "B40"]
[WhiteElo "1953"]
[BlackElo "2279"]
[Annotator "ChessBase"]
[PlyCount "64"]
[EventDate "2019.05.30"]
[EventType "swiss"]
[EventCountry "NOR"]
[SourceTitle "playchess.com"]
[Source "ChessBase"]
[SourceQuality "1"]
[TimeControl "40/5400:1800"]

1. e4 c5 2. Nf3 e6 3. Qe2 Nc6 4. g3 Nf6 5. Bg2 Be7 6. O-O O-O 7. d3 d6 8. c3 Bd7 9. a3 Rc8 10. b4 a6 11. h3 Ne5 12. Be3 Nxf3+ 13. Bxf3 Bc6 14. Nd2 b5 15. Nb3 Ba8 16. Bd2 c4 17. Na5 cxd3 18. Qxd3 Nd7 19. Bf4 g5 20. Bd2 Ne5 21. Qe2 Nxf3+ 22. Qxf3 f5 23. Qh5 Bxe4 24. Qh6 Bf6 25. Rad1 Rc7 26. Bxg5 Bxg5 27. Qxe6+ Kh8 28. Rxd6 Qe7 29. Qxe7 Bxe7 30. Rxa6 Rxc3 31. Ra7 Bf6 32. Nb7 Rc7 0-1

[Event "Norwegian Team Championship 2019"]
[Site "Drammen"]
[Date "2019.06.02"]
[Round "6.9"]
[White "Elsness, Frode"]
[Black "Ramirez Garrastacho, Manuel"]
[Result "1-0"]
[ECO "E90"]
[WhiteElo "2440"]
[BlackElo "2120"]
[Annotator "ChessBase"]
[PlyCount "36"]
[EventDate "2019.05.30"]
[EventType "swiss"]
[EventCountry "NOR"]
[SourceTitle "playchess.com"]
[Source "ChessBase"]
[SourceQuality "1"]
[TimeControl "40/5400:1800"]

1. Nf3 Nf6 2. d4 g6 3. c4 Bg7 4. Nc3 O-O 5. e4 d6 6. h3 e5 7. d5 Nbd7 8. Be3 Nh5 9. g3 a6 10. Be2 Bf6 11. Qd2 Be7 12. h4 f5 13. Bh6 Ng7 14. h5 gxh5 15. exf5 Nf6 16. Nh4 Rf7 17. Qc2 Ng4 18. Bxg7 Kxg7 1-0

[Event "Norwegian Team Championship 2019"]
[Site "Drammen"]
[Date "2019.06.02"]
[Round "6.11"]
[White "Mihajlov, Svetoslav"]
[Black "Grover, Sigurd Loe"]
[Result "1/2-1/2"]
[ECO "D32"]
[WhiteElo "2161"]
[BlackElo "2028"]
[Annotator "ChessBase"]
[PlyCount "27"]
[EventDate "2019.05.30"]
[EventType "swiss"]
[EventCountry "NOR"]
[SourceTitle "playchess.com"]
[Source "ChessBase"]
[SourceQuality "1"]
[TimeControl "40/5400:1800"]

1. d4 d5 2. Nf3 c5 3. dxc5 Nf6 4. c4 e6 5. cxd5 Bxc5 6. Nc3 exd5 7. a3 Nc6 8. e3 O-O 9. Be2 a6 10. O-O Ba7 11. b4 d4 12. Nxd4 Nxd4 13. exd4 Qxd4 14. Qxd4 1/2-1/2

[Event "Norwegian Team Championship 2019"]
[Site "Drammen"]
[Date "2019.06.02"]
[Round "6.12"]
[White "Rueda-Kjeldsen, Juan Carlos"]
[Black "Dale, Gunnar Brandshaug"]
[Result "1-0"]
[ECO "A06"]
[WhiteElo "1963"]
[BlackElo "2003"]
[Annotator "NA"]
[PlyCount "121"]
[EventDate "2019.05.30"]
[EventType "swiss"]
[EventCountry "NOR"]
[SourceTitle "playchess.com"]
[Source "ChessBase"]
[SourceQuality "1"]
[TimeControl "40/5400:1800"]

1. Nf3 Nf6 2. b3 d5 3. Bb2 Bf5 4. e3 c6 5. Ne5 (5. Be2 Nbd7 6. O-O h6 7. c4 e6 8. Nc3 Be7 9. d4 O-O 10. a3 a5 11. c5 Ne4 12. b4 b5 13. Nd2 Nxd2 14. Qxd2 Qc7 15. f4 Nf6 16. Bf3 axb4 17. axb4 Rxa1 18. Rxa1 {½-½ (31) Vachier Lagrave,M (2780)-Dreev,A (2649) chess.com INT 2018}) 5... Nbd7 6. f4 {[%emt 0:01:53] A06: Réti Opening:1 Nf3 d5} e6 7. Be2 $146 ({Predecessor:} 7. Nxd7 Qxd7 8. Be2 O-O-O 9. g4 Bg6 10. d3 Bc5 11. g5 Ne8 12. Qd2 {0-1 (38) Wilson,M (1830)-Giles,Y (1942) Hinckley Island 2012}) 7... Be7 8. O-O Nxe5 9. fxe5 Nd7 10. d4 O-O 11. Nd2 a5 12. a4 Qc7 13. Rc1 f6 14. c4 fxe5 15. cxd5 exd5 16. dxe5 Nxe5 17. Nf3 Bf6 18. Ba3 Rf7 19. Nd4 Bg6 20. Ne6 Qd7 21. Nf4 Be4 22. Nh5 Be7 23. Rxf7 Nxf7 24. Qd4 Ne5 25. Bb2 Bd6 26. Ng3 Bg6 27. e4 Bxe4 28. Nxe4 dxe4 29. Rd1 Rd8 30. Qxd6 Qxd6 31. Rxd6 Rxd6 32. Bxe5 Rd2 33. Kf2 g6 34. Ke3 Ra2 35. g4 Kf7 36. Bc4+ Ke7 37. g5 Rg2 38. Bg8 Rxg5 39. Kxe4 Rh5 40. Bc4 Rh3 41. Kd4 b5 42. Bd3 Rh4+ 43. Be4 Ke6 44. Bg3 Rg4 45. Ke3 bxa4 46. bxa4 Kd7 47. Be1 Rg5 $11 48. h4 Re5 49. Kd4 Re8 50. Bd2 Kd6 51. Bxa5 c5+ 52. Kd3 Rg8 53. Bd2 Rg7 54. Bf4+ Ke6 55. Kc4 Ra7 56. Kb5 Kd7 57. a5 Kc8 58. a6 Re7 59. Bd5 Rg7 60. Kb6 Kd8 61. Bb7 1-0

[Event "Norwegian Team Championship 2019"]
[Site "Drammen"]
[Date "2019.06.02"]
[Round "6.13"]
[White "Hansen, Pal Andreas"]
[Black "Kaasen, Tor Fredrik"]
[Result "1/2-1/2"]
[ECO "E11"]
[WhiteElo "2118"]
[BlackElo "2398"]
[Annotator "ChessBase"]
[PlyCount "105"]
[EventDate "2019.05.30"]
[EventType "swiss"]
[EventCountry "NOR"]
[SourceTitle "playchess.com"]
[Source "ChessBase"]
[SourceQuality "1"]
[TimeControl "40/5400:1800"]

1. d4 Nf6 2. c4 e6 3. Nf3 d5 4. g3 Bb4+ 5. Nbd2 O-O 6. a3 Be7 7. Bg2 b6 8. cxd5 exd5 9. Ne5 Bb7 10. Qa4 c5 11. O-O Qe8 12. Qxe8 Rxe8 13. Nb3 Bf8 14. Bf4 Na6 15. dxc5 Nxc5 16. Nxc5 bxc5 17. Bf3 Rad8 18. b4 Ne4 19. Bxe4 dxe4 20. Rfc1 Rc8 21. Nd7 cxb4 22. Rxc8 Rxc8 23. Nxf8 Kxf8 24. axb4 a6 25. Rc1 Rxc1+ 26. Bxc1 Ke7 27. Be3 Ke6 28. Bc5 Kd5 29. Bf8 g6 30. e3 Kc4 31. h4 Kd3 32. Kf1 Kd2 33. Be7 Bc8 34. Bf8 Bh3+ 35. Kg1 Ke2 36. Be7 Kf3 37. Bg5 Bd7 38. Bf6 Kg4 39. Kg2 Bb5 40. Be7 Be2 41. Bf8 f6 42. Be7 Kf5 43. Bf8 g5 44. hxg5 fxg5 45. Be7 h5 46. Bd8 Kg4 47. Be7 h4 48. gxh4 gxh4 49. Kh2 Bb5 50. Kg2 Bd7 51. Bd6 h3+ 52. Kh2 Kf3 53. Bg3 1/2-1/2